| TOP OF THE 1ST |
|
Florida State University Seminoles batting - Pitching for University of Oklahoma Sooners : RHP Frank Diego
|
|
Pitching: RHP Frank Diego
|
|
|
Batting: RHB Ray Johnson
|
0-0: Ground out 4-3 (Groundball, 4M, EV 89.4 MPH)
|
|
Batting: RHB Emilio Guerra
|
0-0: Swinging Strike 0-1: Ball 1-1: Called Strike 1-2: Ground out U3 (Groundball, 3S, EV 67.5 MPH)
|
|
Batting: RHB Mick Vaught
|
0-0: Called Strike 0-1: Ball 1-1: Fly out, F8 (Flyball, 8LS, EV 89.4 MPH)
|
| Top of the 1st over - 0 runs, 0 hits, 0 errors, 0 left on base; Florida State University 0 - University of Oklahoma 0 |
| BOTTOM OF THE 1ST |
|
University of Oklahoma Sooners batting - Pitching for Florida State University Seminoles : LHP Brent Edens
|
|
Pitching: LHP Brent Edens
|
|
|
Batting: LHB Paul Mooris
|
0-0: Ball 1-0: Foul Ball, location: 2F 1-1: Bunted foul 1-2: Foul Ball, location: 2F 1-2: Ball 2-2: Strikes out looking
|
|
Batting: RHB Jesus Montoya
|
0-0: Ball 1-0: Ground out 4-3 (Groundball, 34, EV 95.6 MPH)
|
|
Batting: LHB Alex Gutierrez
|
0-0: Fly out, F9 (Flyball, 89M, EV 93.1 MPH)
|
| Bottom of the 1st over - 0 runs, 0 hits, 0 errors, 0 left on base; Florida State University 0 - University of Oklahoma 0 |
| TOP OF THE 2ND |
|
Florida State University Seminoles batting - Pitching for University of Oklahoma Sooners : RHP Frank Diego
|
|
Batting: LHB Simon Barry
|
0-0: Called Strike 0-1: Called Strike 0-2: Strikes out swinging
|
|
Batting: RHB Ed Vilches
|
0-0: Swinging Strike 0-1: Ball 1-1: Ball 2-1: Ground out 5-3 (Groundball, 56S, EV 72.5 MPH)
|
|
Batting: LHB Ethan Ware
|
0-0: Foul Ball, location: 2F 0-1: Called Strike 0-2: Ball 1-2: Ground out 4-3 (Groundball, 34, EV 108.1 MPH)
|
| Top of the 2nd over - 0 runs, 0 hits, 0 errors, 0 left on base; Florida State University 0 - University of Oklahoma 0 |
| BOTTOM OF THE 2ND |
|
University of Oklahoma Sooners batting - Pitching for Florida State University Seminoles : LHP Brent Edens
|
|
Batting: RHB Sam Mason
|
0-0: Called Strike 0-1: Called Strike 0-2: Ball 1-2: Foul Ball, location: 2F 1-2: Ball 2-2: Ball 3-2: Strikes out looking
|
|
Batting: RHB Victor Borras
|
0-0: Fly out, F8 (Flyball, 8LXD, EV 90.0 MPH)
|
|
Batting: SHB Cedric Sweep
|
0-0: Ball 1-0: Swinging Strike 1-1: Foul Ball, location: 2F 1-2: Foul Ball, location: 2F 1-2: Strikes out swinging
|
| Bottom of the 2nd over - 0 runs, 0 hits, 0 errors, 0 left on base; Florida State University 0 - University of Oklahoma 0 |
| TOP OF THE 3RD |
|
Florida State University Seminoles batting - Pitching for University of Oklahoma Sooners : RHP Frank Diego
|
|
Batting: RHB Ruben Moreno
|
0-0: Ball 1-0: Foul Ball, location: 2F 1-1: Ground out 6-3 (Groundball, 6MS, EV 82.5 MPH)
|
|
Batting: RHB Perry Renouf
|
0-0: Ball 1-0: Ball 2-0: Ground out 6-3 (Groundball, 6, EV 92.5 MPH)
|
|
Batting: RHB Terry Cisneros
|
0-0: Foul Ball, location: 2F 0-1: Ball 1-1: Swinging Strike 1-2: Ball 2-2: Strikes out swinging
|
| Top of the 3rd over - 0 runs, 0 hits, 0 errors, 0 left on base; Florida State University 0 - University of Oklahoma 0 |
| BOTTOM OF THE 3RD |
|
University of Oklahoma Sooners batting - Pitching for Florida State University Seminoles : LHP Brent Edens
|
|
Batting: RHB Miguel Pacheco
|
0-0: Fly out, F7 (Line Drive, 7, EV 84.4 MPH)
|
|
Batting: LHB Alex Benabides
|
0-0: Foul Ball, location: 2F 0-1: Ball 1-1: Foul Ball, location: 2F 1-2: Ball 2-2: Ball 3-2: Ground out 6-3 (Groundball, 6M, EV 79.4 MPH)
|
|
Batting: RHB David Snyder
|
0-0: Ball 1-0: Ball 2-0: Ball 3-0: Base on Balls
|
|
Batting: LHB Paul Mooris
|
0-0: Ball 1-0: Ball 2-0: Ball 3-0: Called Strike 3-1: Fly out, F4 (Popup, 4S, EV 81.9 MPH)
|
| Bottom of the 3rd over - 0 runs, 0 hits, 0 errors, 1 left on base; Florida State University 0 - University of Oklahoma 0 |
| TOP OF THE 4TH |
|
Florida State University Seminoles batting - Pitching for University of Oklahoma Sooners : RHP Frank Diego
|
|
Batting: RHB Ray Johnson
|
0-0: Ball 1-0: Ball 2-0: Ball 3-0: Swinging Strike 3-1: Called Strike 3-2: Strikes out swinging, 2-3 out at first.
|
|
Batting: RHB Emilio Guerra
|
0-0: Fly out, F4 (Popup, 3S, EV 88.1 MPH)
|
|
Batting: RHB Mick Vaught
|
0-0: DOUBLE (Line Drive, 9LD, EV 111.2 MPH)
|
|
Batting: LHB Simon Barry
|
0-0: Fly out, F9 (Flyball, 89M, EV 76.2 MPH)
|
| Top of the 4th over - 0 runs, 1 hit, 0 errors, 1 left on base; Florida State University 0 - University of Oklahoma 0 |
| BOTTOM OF THE 4TH |
|
University of Oklahoma Sooners batting - Pitching for Florida State University Seminoles : LHP Brent Edens
|
|
Batting: RHB Jesus Montoya
|
0-0: Ball 1-0: SINGLE (Groundball, 25, EV 72.5 MPH) (infield hit)
|
|
Batting: LHB Alex Gutierrez
|
0-0: Called Strike 0-1: Called Strike 0-2: Ball 1-2: Strikes out swinging
|
|
Batting: RHB Sam Mason
|
0-0: Ball 1-0: Foul Ball, location: 2F 1-1: SINGLE (Groundball, 6, EV 96.2 MPH) Jesus Montoya to second
|
|
Batting: RHB Victor Borras
|
0-0: Ball 1-0: Fielders Choice at 2nd, 6-4 (Groundball, 6, EV 84.4 MPH) Jesus Montoya to third
|
|
Batting: SHB Cedric Sweep
|
0-0: Ball 1-0: Called Strike 1-1: Foul Ball, location: 2F 1-2: Strikes out looking
|
| Bottom of the 4th over - 0 runs, 2 hits, 0 errors, 2 left on base; Florida State University 0 - University of Oklahoma 0 |
| TOP OF THE 5TH |
|
Florida State University Seminoles batting - Pitching for University of Oklahoma Sooners : RHP Frank Diego
|
|
Batting: RHB Ed Vilches
|
0-0: SINGLE (Groundball, 4MD, EV 98.1 MPH)
|
|
Batting: LHB Ethan Ware
|
0-0: Called Strike 0-1: Swinging Strike 0-2: DOUBLE (Line Drive, 7LM, EV 108.1 MPH) Ed Vilches to third Runner from 3rd tries for Home, SAFE, throw by LF to home
|
|
Batting: RHB Ruben Moreno
|
0-0: Intentional Walk
|
|
Batting: RHB Perry Renouf
|
0-0: Called Strike 0-1: Called Strike 0-2: Foul Ball, location: 2F 0-2: 3-RUN HOME RUN (Line Drive, 78XD, EV 101.2 MPH), Distance : 422 ft
|
|
Batting: RHB Terry Cisneros
|
0-0: Ball 1-0: Fly out, F8 (Flyball, 8RS, EV 91.9 MPH)
|
|
Batting: RHB Ray Johnson
|
0-0: Swinging Strike 0-1: Foul Ball, location: 2F 0-2: Foul Ball, location: 2F 0-2: Ball 1-2: Strikes out swinging
|
|
Batting: RHB Emilio Guerra
|
0-0: Ball 1-0: Foul Ball, location: 2F 1-1: Ball 2-1: Foul Ball, location: 2F 2-2: Foul Ball, location: 2F 2-2: Strikes out swinging
|
| Top of the 5th over - 4 runs, 3 hits, 0 errors, 0 left on base; Florida State University 4 - University of Oklahoma 0 |
| BOTTOM OF THE 5TH |
|
University of Oklahoma Sooners batting - Pitching for Florida State University Seminoles : LHP Brent Edens
|
|
Batting: RHB Miguel Pacheco
|
0-0: DOUBLE (Line Drive, 7LM, EV 111.9 MPH)
|
|
Batting: LHB Alex Benabides
|
0-0: Swinging Strike 0-1: Ball 1-1: Called Strike 1-2: Strikes out looking
|
|
Batting: RHB David Snyder
|
0-0: Called Strike 0-1: Foul Ball, location: 2F 0-2: Foul Ball, location: 2F 0-2: Ball 1-2: Foul Ball, location: 2F 1-2: Ball 2-2: Foul Ball, location: 2F 2-2: Foul Ball, location: 2F 2-2: Strikes out swinging
|
|
Batting: LHB Paul Mooris
|
0-0: Ball 1-0: Ball 2-0: Called Strike 2-1: Ball 3-1: Base on Balls
|
|
Batting: RHB Jesus Montoya
|
0-0: Ball 1-0: Called Strike 1-1: Fielders Choice at 2nd, U6 (Groundball, 6M, EV 81.9 MPH)
|
| Bottom of the 5th over - 0 runs, 1 hit, 0 errors, 2 left on base; Florida State University 4 - University of Oklahoma 0 |
| TOP OF THE 6TH |
|
Florida State University Seminoles batting - Pitching for University of Oklahoma Sooners : RHP Frank Diego
|
|
Batting: RHB Mick Vaught
|
0-0: Called Strike 0-1: Swinging Strike 0-2: Strikes out looking
|
|
Batting: LHB Simon Barry
|
0-0: Fly out, F7 (Flyball, 7LM, EV 106.2 MPH)
|
|
Batting: RHB Ed Vilches
|
0-0: Called Strike 0-1: Ball 1-1: Foul Ball, location: 2F 1-2: Ball 2-2: Strikes out swinging
|
| Top of the 6th over - 0 runs, 0 hits, 0 errors, 0 left on base; Florida State University 4 - University of Oklahoma 0 |
| BOTTOM OF THE 6TH |
|
University of Oklahoma Sooners batting - Pitching for Florida State University Seminoles : LHP Brent Edens
|
|
Pitching: RHP Danny Weiss
|
|
|
Batting: LHB Alex Gutierrez
|
0-0: Ball 1-0: Ball 2-0: Ball 3-0: Called Strike 3-1: Swinging Strike 3-2: Foul Ball, location: 2F 3-2: Strikes out swinging
|
|
Batting: RHB Sam Mason
|
0-0: Called Strike 0-1: Ball 1-1: Foul Ball, location: 2F 1-2: Ball 2-2: Foul Ball, location: 2F 2-2: SINGLE (Groundball, 34D, EV 100.0 MPH)
|
|
Pinch Hitting: LHB Pedro Marrero
|
0-0: Ball 1-0: Swinging Strike 1-1: SINGLE (Groundball, 34D, EV 96.9 MPH) Sam Mason to second Runner from 2nd tries for 3rd, SAFE, throw by RF made to third
|
|
Batting: SHB Cedric Sweep
|
0-0: Ball 1-0: Called Strike 1-1: Bunted foul 1-2: Foul Ball, location: 2F 1-2: Foul Ball, location: 2F 1-2: 3-RUN HOME RUN (Flyball, 89XD, EV 103.1 MPH), Distance : 429 ft
|
|
Pitching: RHP Bob Guerrero
|
|
|
Pinch Hitting: LHB Jon Terrones
|
0-0: Swinging Strike 0-1: Ball 1-1: Called Strike 1-2: Strikes out swinging
|
|
Pinch Hitting: RHB David Stuckey
|
0-0: Called Strike 0-1: Ball 1-1: Foul Ball, location: 2F 1-2: Ball 2-2: Ball 3-2: Foul Ball, location: 2F 3-2: Strikes out swinging
|
| Bottom of the 6th over - 3 runs, 3 hits, 0 errors, 0 left on base; Florida State University 4 - University of Oklahoma 3 |
| TOP OF THE 7TH |
|
Florida State University Seminoles batting - Pitching for University of Oklahoma Sooners : RHP Frank Diego
|
|
Now at 1B: Jon Terrones
|
|
|
Now at 2B: Sam Mason
|
|
|
Now at SS: David Stuckey
|
|
|
Now in RF: Pedro Marrero
|
|
|
Batting: LHB Ethan Ware
|
0-0: Foul Ball, location: 2F 0-1: Ball 1-1: Ball 2-1: Foul Ball, location: 2F 2-2: Ground out 4-3 (Groundball, 4, EV 85.0 MPH)
|
|
Batting: RHB Ruben Moreno
|
0-0: Ball 1-0: Foul Ball, location: 2F 1-1: Swinging Strike 1-2: Strikes out looking
|
|
Batting: RHB Perry Renouf
|
0-0: Ball 1-0: SINGLE (Groundball, 4M, EV 94.4 MPH)
|
|
Pitching: RHP Doug Hafer
|
|
|
Batting: RHB Terry Cisneros
|
0-0: Fly out, F8 (Line Drive, 8RD, EV 91.9 MPH)
|
| Top of the 7th over - 0 runs, 1 hit, 0 errors, 1 left on base; Florida State University 4 - University of Oklahoma 3 |
| BOTTOM OF THE 7TH |
|
University of Oklahoma Sooners batting - Pitching for Florida State University Seminoles : RHP Bob Guerrero
|
|
Batting: RHB David Snyder
|
0-0: Foul Ball, location: 2F 0-1: Called Strike 0-2: Ground out 6-3 (Groundball, 6, EV 85.0 MPH)
|
|
Pinch Hitting: RHB Kjeld Leen
|
0-0: Swinging Strike 0-1: Swinging Strike 0-2: Ball 1-2: Foul Ball, location: 2F 1-2: Foul Ball, location: 2F 1-2: Foul Ball, location: 2F 1-2: Foul Ball, location: 2F 1-2: Ball 2-2: Ball 3-2: Ground out 6-3 (Groundball, 6M, EV 96.9 MPH)
|
|
Pinch Hitting: RHB Ruben Arreola
|
0-0: Ball 1-0: Ball 2-0: Called Strike 2-1: Called Strike 2-2: Strikes out looking
|
| Bottom of the 7th over - 0 runs, 0 hits, 0 errors, 0 left on base; Florida State University 4 - University of Oklahoma 3 |
| TOP OF THE 8TH |
|
Florida State University Seminoles batting - Pitching for University of Oklahoma Sooners : RHP Doug Hafer
|
|
Now in LF: Kjeld Leen
|
|
|
Now in CF: Virgil Wenz
|
|
|
Pinch Hitting: LHB Matt Stewart
|
0-0: Ball 1-0: Ball 2-0: Fly out, F8 (Flyball, 78M, EV 75.6 MPH)
|
|
Batting: RHB Emilio Guerra
|
0-0: Ball 1-0: Called Strike 1-1: Foul Ball, location: 2F 1-2: Strikes out looking
|
|
Batting: RHB Mick Vaught
|
0-0: Ball 1-0: Called Strike 1-1: Ball 2-1: Swinging Strike 2-2: Strikes out swinging
|
| Top of the 8th over - 0 runs, 0 hits, 0 errors, 0 left on base; Florida State University 4 - University of Oklahoma 3 |
| BOTTOM OF THE 8TH |
|
University of Oklahoma Sooners batting - Pitching for Florida State University Seminoles : RHP Bob Guerrero
|
|
Pitching: LHP Nick Linkletter
|
|
|
Now in CF: Henry Huezo
|
|
|
Batting: SHB Orlando Uribe
|
0-0: Ball 1-0: Foul Ball, location: 2F 1-1: Swinging Strike 1-2: Foul Ball, location: 2F 1-2: Ball 2-2: Ground out 6-3 (Groundball, 6S, EV 80.0 MPH)
|
|
Batting: RHB Sam Mason
|
0-0: Swinging Strike 0-1: Ball 1-1: Called Strike 1-2: Ball 2-2: Ball 3-2: DOUBLE (Line Drive, 89XD, EV 107.5 MPH)
|
|
Batting: LHB Pedro Marrero
|
0-0: Ball 1-0: Ground out 4-3 (Groundball, 4, EV 108.8 MPH) Sam Mason to third
|
|
Batting: SHB Cedric Sweep
|
0-0: Foul Ball, location: 2F 0-1: Swinging Strike 0-2: Ball 1-2: Ball 2-2: Strikes out swinging
|
| Bottom of the 8th over - 0 runs, 1 hit, 0 errors, 1 left on base; Florida State University 4 - University of Oklahoma 3 |
| TOP OF THE 9TH |
|
Florida State University Seminoles batting - Pitching for University of Oklahoma Sooners : RHP Doug Hafer
|
|
Pitching: LHP Bruce Chapman
|
|
|
Batting: LHB Simon Barry
|
0-0: Called Strike 0-1: Ball 1-1: Swinging Strike 1-2: Ball 2-2: Ball 3-2: Base on Balls
|
|
Pinch Hitting: LHB John Doiron
|
0-0: Swinging Strike 0-1: Ball 1-1: Ball 2-1: Foul Ball, location: 2F 2-2: Foul Ball, location: 2F 2-2: Strikes out swinging
|
|
Batting: LHB Ethan Ware
|
0-0: Called Strike 0-1: Called Strike 0-2: Ball 1-2: Strikes out swinging
|
|
Pitching: LHP Billy Bradburn
|
|
|
Batting: SHB John Welsh
|
0-0: Called Strike 0-1: Fielders Choice at 2nd, 6-4 (Groundball, 6, EV 82.5 MPH)
|
| Top of the 9th over - 0 runs, 0 hits, 0 errors, 1 left on base; Florida State University 4 - University of Oklahoma 3 |
| BOTTOM OF THE 9TH |
|
University of Oklahoma Sooners batting - Pitching for Florida State University Seminoles : LHP Nick Linkletter
|
|
Pitching: RHP John Scott
|
|
|
Now at 2B: Jon Odle
|
|
|
Batting: LHB Jon Terrones
|
0-0: Ball 1-0: Ball 2-0: Ground out 6-3 (Groundball, 6, EV 81.2 MPH)
|
|
Batting: RHB David Stuckey
|
0-0: Ball 1-0: Foul Ball, location: 2F 1-1: Swinging Strike 1-2: Ground out 4-3 (Groundball, 4M, EV 99.4 MPH)
|
|
Pinch Hitting: LHB Cameron Marinelli
|
0-0: Ground out 4-3 (Groundball, 34, EV 84.4 MPH)
|
| Bottom of the 9th over - 0 runs, 0 hits, 0 errors, 0 left on base; Florida State University 4 - University of Oklahoma 3 |
|